 Dungeon Crawl Stone Soup version 0.21-a0-372-gd0ff781 (webtiles) character file.

275 4thArraOfDagon the Skirmisher (level 6, -7/44 HPs)
             Began as a Halfling Wanderer on Oct 16, 2017.
             Was an Initiate of Ru.
             Mangled by an ogre
             ... wielding a +0 giant club
              (20 damage)
             ... on level 4 of the Dungeon.
             The game lasted 00:03:49 (1142 turns).

4thArraOfDagon the Skirmisher (Halfling Wanderer)   Turns: 1142, Time: 00:03:50

Health: -7/44      AC:  9    Str: 17    XL:     6   Next: 49%
Magic:  8/8        EV:  8    Int:  9    God:    Ru [......]
Gold:   31         SH:  0    Dex: 13    Spells: 8/8 levels left

rFire    . . .     SeeInvis .   a - +2 hand crossbow
rCold    . . .     Gourm    .   (shield restricted)
rNeg     . . .     Faith    .   r - +0 chain mail
rPois    .         Spirit   .   (no helmet)
rElec    .         Reflect  .   (no cloak)
rCorr    .         Harm     .   o - +0 pair of gloves
MR       .....                  (no boots)
Stlth    ..........             (no amulet)
HPRegen  0.14/turn              (no ring)
MPRegen  0.11/turn              (no ring)

@: no status effects
A: mutation resistance 1
a: Sacrifice a Hand, Sacrifice Skill, Sacrifice Health, Reject Sacrifices,
Renounce Religion


You were on level 4 of the Dungeon.
You worshipped Ru.
Ru was noncommittal.
You were not hungry.

You visited 1 branch of the dungeon, and saw 5 of its levels.

You collected 31 gold pieces.

Inventory:

Hand Weapons
 a - a +2 hand crossbow (weapon)
 c - a +0 shortbow
 n - a +3 flail of protection
Missiles
 b - 31 bolts (quivered)
 d - 24 arrows
 q - 19 sling bullets
Armour
 f - a +0 robe
 o - a +0 pair of gloves (worn)
 r - a +0 chain mail (worn)
Scrolls
 h - 5 scrolls of identify {unknown}
 i - a scroll of remove curse {unknown}
 l - a scroll of teleportation {unknown}
Potions
 e - a potion of lignification
 k - a potion of experience {unknown}
 m - a potion of resistance {unknown}
 t - a potion of heal wounds {unknown}
Comestibles
 g - 2 bread rations
 j - a meat ration
 p - a royal jelly
 u - a chunk of flesh


   Skills:
 + Level 4.6 Fighting
 - Level 4.1 Crossbows
 - Level 1.1 Stealth
   Level 1.1 Shields
 - Level 1.5 Spellcasting
   Level 1.1 Translocations
   Level 2.0 Air Magic


You had 8 spell levels left.
You didn't know any spells.

Dungeon Overview and Level Annotations

Branches:
Dungeon (5/15)
 Temple: D:4-7

Altars:
Ashenzari
Ru
Vehumet
Wu Jian

Annotations:
D:5 Blork the orc, Dowan, Duvessa


Innate Abilities, Weirdness & Mutations

You are small and have problems with some larger weapons.
You are somewhat resistant to further mutation.


Message History

Firing (i - inventory):
b - 34 bolts (quivered)
Press: ? - help, Shift-Dir - straight line, f/p - ogre
Aim: an ogre, wielding a giant club (heavily wounded, entangled in a net)
You shoot a bolt. The bolt hits the ogre.
The ogre is heavily wounded.
The ogre struggles against the net. x2
Firing (i - inventory):
b - 33 bolts (quivered)
Press: ? - help, Shift-Dir - straight line, f/p - ogre
Aim: an ogre, wielding a giant club (heavily wounded, entangled in a net)
You shoot a bolt. The bolt hits the ogre.
The ogre is severely wounded.
The ogre struggles against the net.
The net rips apart, and the ogre comes free!
Firing (i - inventory):
b - 32 bolts (quivered)
Press: ? - help, Shift-Dir - straight line, f/p - ogre
Aim: an ogre, wielding a giant club (severely wounded)
You shoot a bolt. The bolt hits the ogre.
The ogre is almost dead.
The ogre hits you with a giant club!!
You die...

#....## #.# #....(#
#.# #......#.# #.#
#####..#.# #.#
#.O#.# 8.#.# ##.#.#
#.#.# #.#(# #.#.#
#.#O####### #.#.#
#.@.....# #.#.##
#...###.######.#...
#.#.#..........####
#.#.#..............
#.#.#.........#####
#.#.###.#......#
#.#.#...#.####.#
#.#.#........#.#
#.#..........#.#


You could see an ogre.

Vanquished Creatures
  A hound (D:4)
  An iguana (D:4)
  4 worker ants (D:4)
  2 adders
  4 gnolls (D:3)
  2 worms
  A dart slug (D:3)
  2 leopard geckos (D:3)
  8 orcs
  A giant cockroach (D:4)
  6 hobgoblins
  5 kobolds
  5 quokkas
  3 bats
  2 frilled lizards (D:3)
  6 goblins
  A rat (D:3)
54 creatures vanquished.

Notes
Turn   | Place    | Note
-------+----------+-------------------------------------------
     0 | D:1      | 4thArraOfDagon the Halfling Wanderer began the quest for the Orb.
     0 | D:1      | 4thArraOfDagon set off with: a +2 hand crossbow, 25 bolts, a +0 shortbow, 24 arrows, a potion of lignification, a +0 robe, a bread ration
     0 | D:1      | Reached XP level 1. HP: 14/14 MP: 3/3
   113 | D:2      | Reached XP level 2. HP: 19/19 MP: 4/4
   149 | D:2      | Reached XP level 3. HP: 24/24 MP: 5/5
   233 | D:2      | Found a sacrificial altar of Ru.
   233 | D:2      | Found a shattered altar of Ashenzari.
   234 | D:2      | Found a radiant altar of Vehumet.
   234 | D:2      | Found an ornate altar of the Wu Jian Council.
   240 | D:2      | Became a worshipper of Ru the Awakened
   401 | D:3      | Reached XP level 4. HP: 27/29 MP: 6/6
   599 | D:3      | Reached XP level 5. HP: 22/36 MP: 7/7
   957 | D:5      | Entered Level 5 of the Dungeon
   957 | D:5      | Noticed Duvessa
   957 | D:5      | Noticed Dowan
   957 | D:5      | Noticed Blork the orc
   968 | D:4      | Reached XP level 6. HP: 30/43 MP: 8/8
  1118 | D:4      | Noticed an ogre
  1142 | D:4      | Mangled by an ogre

Vault maps used:
D:1:      saegor_arrival_simple_c
D:2:      chequers_temple_overflow_statue_of_worship, first_bread
D:3:      corexii_shack_village, kennysheep_generic_room_10
D:4:      minitemple
D:5:      serial_shops, nicolae_shop_competitors_out_of_business, uniq_grinder,
          uniq_duvessa, uniq_sigmund, uniq_blork_the_orc

Skill      XL: |  1  2  3  4  5 |
---------------+----------------+-----
Crossbows      | 2 3 4 |  4.1
Fighting       | 2 4 |  4.6
Stealth        | |  1.1
Shields        | |  1.1
Spellcasting   | |  1.5
Translocations | |  1.1
Air Magic      | |  2.0

Action                   |  1- 3 |  4- 6 || total
-------------------------+-------+-------++-------
Melee: Flail             |     2 |   114 ||   116
 Fire: Hand crossbow     |    33 |    29 ||    62
Throw: Throwing net      |       |     2 ||     2
  Eat: Chunk             |       |     1 ||     1
Armor: Robe              |     3 |     2 ||     5
       Chain mail        |       |    90 ||    90
Dodge: Dodged            |    11 |    75 ||    86

Table legend:
 A = Spawn XP
 B = Non-spawn XP
 C = Spawn XP percentage of total XP
 D = Spawn monster count
 E = Non-spawn monster count
 F = Spawn count percentage of total count
 G = Total turns spent on level
                    A         B        C        D         E        F      G
               +---------+---------+-------+---------+---------+-------+---------
         Total |       0 |     393 |   0.0 |       0 |      54 |   0.0 |  1142
               +---------+---------+-------+---------+---------+-------+---------
           D:1 |       0 |      10 |   0.0 |       0 |       6 |   0.0 |   130
           D:2 |       0 |      27 |   0.0 |       0 |       6 |   0.0 |   182
           D:3 |       0 |     124 |   0.0 |       0 |      29 |   0.0 |   602
           D:4 |       0 |     232 |   0.0 |       0 |      13 |   0.0 |   226
               +---------+---------+-------+---------+---------+-------+---------
